 Dungeon Crawl Stone Soup version 0.31-a0-175-g9f7f995f2b (webtiles) character file.

Game seed: 8051106102484632221

20 qw the Shooter (level 2, -4/26 HPs)
             Began as a Naga Hunter on June 16, 2023.
             Slain by Terence
             ... wielding a +0 falchion
              (6 damage)
             ... on level 2 of the Dungeon.
             The game lasted 00:00:12 (807 turns).

qw the Shooter (Naga Hunter)                         Turns: 807, Time: 00:00:13

Health: -4/26      AC:  2    Str: 13    XL:     2   Next: 79%
Magic:  2/2        EV:  9    Int:  9    God:
Gold:   45         SH:  0    Dex: 14    Spells: 1/1 levels left

rFire   . . .        Y - +0 shortbow
rCold   . . .        (shield currently unavailable)
rNeg    . . .        c - +0 leather armour
rPois   +            (no helmet)
rElec   .            (no cloak)
rCorr   .            (no gloves)
SInv    +            (no barding)
Will    +....        (no amulet)
Stlth   ++           g - ring of willpower
HPRegen 0.24/turn    (no ring)
MPRegen 0.08/turn

%: no passive effects
@: very slow
A: AC +0, large, see invisible, deformed body, poison resistance, slowness 2,
spit poison 1, naga tail 1
a: Spit Poison


You were on level 2 of the Dungeon.
You visited 1 branch of the dungeon, and saw 2 of its levels.

You collected 45 gold pieces.


Innate Abilities, Weirdness & Mutations

Your serpentine skin is tough. (AC +0)
You have supernaturally acute eyesight. (SInv)
Armour fits poorly on your strangely shaped body.
Your system is resistant to poisons. (rPois)
You cover ground very slowly.
You can spit poison.
You have a snake-like lower body.


   Skills:
 - Level 2.0 Fighting
 + Level 4.3 Ranged Weapons
 - Level 1.5 Dodging
 - Level 1.5 Stealth


You had one spell level left.
You didn't know any spells.
Your spell library was empty.

Inventory:

Hand Weapons
 Y - a +0 shortbow (weapon)
Armour
 c - a +0 leather armour (worn)
Jewellery
 g - a ring of willpower (left hand)
Scrolls
 a - a scroll of identify
Potions
 b - a potion of attraction {unknown}
 h - a potion of heal wounds {unknown}
 i - a potion of ambrosia {unknown}

Dungeon Overview and Level Annotations

Branches:
Dungeon (2/15)

Altars:

Shops:
D:2 :

Annotations:
D:2 Terence


Message History

You shoot an arrow.
The arrow hits Terence but does no damage.
Terence shouts, "DIE!!!"
You shoot an arrow. The adder hisses angrily.
The arrow hits Terence.
Terence is lightly wounded.
You shoot an arrow. The arrow hits Terence.
Terence is moderately wounded.
Terence closely misses you.
You shoot an arrow. The arrow barely misses Terence.
You have got your breath back.
Terence barely misses you. Terence hits you with a +0 falchion.
802 ||| INVOKING Spit Poison.
Aiming: Spit Poison (2% risk of failure)
Press: ? - help, Shift-Dir - straight line, f/p - Terence The splash of poison hits Terence but does no damage.
Terence is moderately wounded.
The adder bites you. Terence hits you with a +0 falchion.
You shoot an arrow. The arrow hits Terence.
Terence is heavily wounded.
The adder barely misses you. Terence barely misses you.
The adder bites you but does no damage.
You shoot an arrow. The arrow barely misses Terence.
The adder closely misses you. Terence hits you with a +0 falchion.
You shoot an arrow. The arrow hits Terence.
Terence is heavily wounded.
The adder bites you. Terence hits you with a +0 falchion.
The adder closely misses you.
You shoot an arrow.
The arrow hits Terence but does no damage.
Terence is heavily wounded.
The adder bites you. Terence completely misses you.
The adder barely misses you. Terence closely misses you.
You shoot an arrow.
The arrow hits Terence but does no damage.
Terence is heavily wounded.
You have got your breath back.
The adder bites you. Terence hits you with a +0 falchion.
You die...

.....##...# #.#.#...#.#
..........####.#.....#.#########
#######...##....#..###.........#
#...##.###<.####.#######.#
#...#.%..............# #.#
#......###.......###.# #.#
#.....#...........##.# #.#
#.....#....S.........###)#
##.#..#..#@######.#......#
#.#.....#.@....#.#.######
#.#....#######.#.#.....#
#.#..... #.#####.# #..###
#....\..# #########


You could see Terence (resistant) and an adder.

Vanquished Creatures
  An adder (D:2)
  2 giant cockroaches (D:1)
  A quokka (D:2)
  2 ball pythons (D:1)
  A frilled lizard (D:1)
  2 kobolds
  4 rats
13 creatures vanquished.

Notes
Turn   | Place    | Note
-------+----------+-------------------------------------------
     0 | D:1      | qw the Naga Hunter began the quest for the Orb.
     0 | D:1      | Reached XP level 1. HP: 19/19 MP: 1/1
     0 | D:1      | 0 ||| qw: Version: 0.2-a-29-g511e9b1
     0 | D:1      | 0 ||| qw: Game counter: 5768
     0 | D:1      | 0 ||| qw: Always use a shield: true
     0 | D:1      | 0 ||| qw: God list: Okawaru
     0 | D:1      | 0 ||| qw: Allow faded altars: false
     0 | D:1      | 0 ||| qw: Do Orc after D:15 true
     0 | D:1      | 0 ||| qw: Do second Lair branch before Depths: true
     0 | D:1      | 0 ||| qw: Lair rune preference: random
     0 | D:1      | 0 ||| qw: Plans: Normal
     0 | D:1      | 0 ||| PLANNING D:1-11
   126 | D:1      | Found a faded altar of an unknown god.
   153 | D:1      | 153 ||| INVOKING Spit Poison.
   348 | D:1      | 348 ||| INVOKING Spit Poison.
   356 | D:1      | 356 ||| INVOKING Spit Poison.
   388 | D:1      | 388 ||| INVOKING Spit Poison.
   390 | D:1      | Reached skill level 4 in Ranged Weapons
   390 | D:1      | Reached XP level 2. HP: 26/26 MP: 2/2
   476 | D:1      | 476 ||| INVOKING Spit Poison.
   571 | D:1      | 571 ||| UPGRADING to ring of willpower.
   572 | D:1      | 572 ||| READING 2 scrolls labelled XOGOUH TEOBYALO.
   573 | D:1      | 573 ||| READING scroll labelled TUHEIM DEATOI.
   574 | D:1      | 574 ||| READING 2 scrolls labelled BYACWYALON.
   575 | D:1      | 575 ||| DROPPING scroll of butterflies.
   576 | D:1      | 576 ||| DROPPING scroll of vulnerability.
   619 | D:2      | 619 ||| INVOKING Spit Poison.
   659 | D:2      | 659 ||| INVOKING Spit Poison.
   665 | D:2      | 665 ||| INVOKING Spit Poison.
   751 | D:2      | 751 ||| INVOKING Spit Poison.
   762 | D:2      | 762 ||| INVOKING Spit Poison.
   768 | D:2      | Found Giololel's Book Emporium.
   776 | D:2      | 776 ||| INVOKING Spit Poison.
   796 | D:2      | Noticed Terence
   797 | D:2      | 797 ||| INVOKING Spit Poison.
   802 | D:2      | 802 ||| INVOKING Spit Poison.
   806 | D:2      | HP: 4/26 [adder (3)]
   807 | D:2      | Slain by Terence

Levels and vault maps discovered:
D:1:      wander_arrival_estate, layout_loops_ring,
          shapermc_ecumenical_altar_acropolis
D:2:      layout_basic, serial_shops, shop, minmay_tiny_reverse_x, uniq_terence

Skill      XL: |  1 |
---------------+----+-----
Ranged Weapons | 4 |  4.3
Fighting       | |  2.0
Dodging        | |  1.5
Stealth        | |  1.5

Action                     || total
---------------------------++-------
   Fire: Shortbow          ||    25
Ability: Spit Poison       ||    13
    Use: Scroll            ||     3
 Armour: Leather armour    ||     2
  Dodge: Dodged            ||    14

Table legend:
 A = Non-vault XP
 B = Vault XP
 C = Vault XP percentage of total XP
 D = Non-vault monster count
 E = Vault monster count
 F = Vault count percentage of total count
                 A         B        C        D         E       F
            +---------+---------+-------+---------+---------+-------
      Total |      29 |       0 |   0.0 |      13 |       0 |   0.0
            +---------+---------+-------+---------+---------+-------
        D:1 |      12 |       0 |   0.0 |       9 |       0 |   0.0
        D:2 |      17 |       0 |   0.0 |       4 |       0 |   0.0
            +---------+---------+-------+---------+---------+-------
